 Dungeon Crawl Stone Soup version 0.18.1-47-g9310371 (webtiles) character file.

891 sugabear the Ducker (level 8, -4/40 HPs)
             Began as a Vine Stalker Gladiator on June 15, 2016.
             Was a Believer of Elyvilon.
             Slain by an ogre
             ... wielding a +0 giant spiked club
              (25 damage)
             ... on level 5 of the Dungeon.
             The game lasted 00:04:59 (4246 turns).

sugabear the Ducker (Vine Stalker Gladiator)        Turns: 4246, Time: 00:05:00

Health: -4/40      AC:  6    Str: 20    XL:     8   Next: 6%
Magic:  0/11       EV: 12    Int:  8    God:    Elyvilon [**....]
Gold:   232        SH:  3    Dex: 15    Spells: 0 memorised, 7 levels left

rFire  . . .     SeeInvis .     a - +0 long sword
rCold  . . .     Gourm    .     n - +0 ring mail
rNeg   . . .     Faith    .     B - +0 buckler
rPois  .         Spirit   +     c - +0 helmet
rElec  .         Dismiss  .     (no cloak)
rCorr  .         Reflect  .     (no gloves)
SustAt .         Harm     .     (no boots)
MR     +....                    (no amulet)
Stlth  +.........               (no ring)
                                (no ring)

@: somewhat resistant to hostile enchantments, very unstealthy
A: fangs 3, regeneration 2, magic shield, antimagic bite, no device heal 3, rot
immunity
a: Lesser Healing, Heal Other, Divine Protection, Renounce Religion


You were on level 5 of the Dungeon.
You worshipped Elyvilon.
Elyvilon was pleased with you.
You were not hungry.

You visited 1 branch of the dungeon, and saw 6 of its levels.

You collected 232 gold pieces.

Inventory:

Hand Weapons
 a - a +0 long sword (weapon)
 p - a +2 whip of freezing
Missiles
 d - 3 throwing nets (quivered)
Armour
 c - a +0 helmet (worn)
 n - a +0 ring mail (worn)
 B - a +0 buckler (worn)
Jewellery
 o - an uncursed ring of protection from cold {unknown}
 w - an uncursed ring of protection from fire {unknown}
Wands
 y - a wand of flame (26/48)
Scrolls
 b - 2 scrolls of enchant armour {unknown}
 e - 5 scrolls of remove curse {unknown}
 i - 2 scrolls of noise {unknown}
 j - 5 scrolls of identify {unknown}
 l - 2 scrolls of enchant weapon {unknown}
 s - a scroll of random uselessness {unknown}
 t - a scroll of fear {unknown}
 x - a scroll of recharging {unknown}
 C - a scroll of teleportation {unknown}
 D - a scroll of immolation {unknown}
 E - 3 scrolls of blinking {unknown}
Potions
 h - a potion of haste {unknown}
 m - 3 potions of invisibility {unknown}
 q - a potion of cancellation {unknown}
 u - 2 potions of agility {unknown}
 v - a potion of cure mutation {unknown}
 A - 2 potions of flight {unknown}
 F - 2 potions of brilliance {unknown}
 H - a potion of heal wounds {unknown}
 I - a potion of degeneration {unknown}
Comestibles
 f - 6 bread rations
 g - 5 beef jerkies
 k - 3 fruits
 r - a meat ration
 z - 2 slices of pizza


   Skills:
 + Level 3.3 Fighting
 + Level 4.3 Long Blades
 + Level 2.0 Throwing
 + Level 3.0 Armour
 + Level 4.4 Dodging
 + Level 1.6 Stealth
 + Level 0.1 Shields
 * Level 3.5 Invocations


You had 7 spell levels left.
You didn't know any spells.

Dungeon Overview and Level Annotations

Branches:
Dungeon (6/15)
 Temple: D:4-7

Altars:
Elyvilon
Gozag


Innate Abilities, Weirdness & Mutations

You have razor-sharp teeth.
You heal very quickly.
When hurt, damage is shared between your health and your magic reserves.
Your bite disrupts and absorbs the magic of your enemies.
Potions and wands cannot restore your health.
You are immune to rotting.


Message History

You hit the ogre but do no damage. You bite the ogre. You drain its power.
The ogre is moderately wounded.
You block the ogre's attack.
You hit the ogre. Your bite misses the ogre.
The ogre is moderately wounded.
The ogre closely misses you.
You barely miss the ogre. You bite the ogre. You drain its power.
The ogre is moderately wounded.
The ogre closely misses you.
You barely miss the ogre. Your bite misses the ogre.
The ogre is moderately wounded.
The ogre hits you with a giant spiked club!!
You hit the ogre.
The ogre is heavily wounded.
The ogre hits you with a giant spiked club.
You hit the ogre.
The ogre is heavily wounded.
The ogre hits you with a giant spiked club!!
Ouch! That really hurt!
You die...

##.....#.......##.## ##.#.
...#......####.##.###########.###
##.#####.#####.......##......## #
....# #.##....#####.##.###.##
##.## #<##.##.# #.##.####.## #
### #.......# #......##..###
######.##.# ##.##.#.##.#.#.
#...##.##.####..##.#.##.##.#
#......##..@O...##......####
###...########.#.#####.####
#.......# ###.### #.# #.##>##.#
#.....# #.# #.##.##.# #.....# #.#
#.##..#.# #.....# #.# #.###.#.#
#.....# #.# #.###.#.#
#.....#####.#### #.......#
########.......#


You could see an ogre.

Vanquished Creatures
  A phantom (D:5)
  An ogre (D:3)
  The ghost of qqqbard the Digger, an amateur DEEE (D:3)
  Blork the orc (D:5)
  A scorpion (D:4)
  2 hounds (D:4)
  Crazy Yiuf (D:5)
  A giant frog skeleton (D:5)
  An iguana (D:3)
  2 orc wizards
  A centaur skeleton (D:4)
  4 worker ants
  A hound zombie (D:5)
  Robin (D:2)
  5 adders
  An ooze (D:2)
  3 worms
  4 dart slugs
  4 giant geckos
  8 orcs
  4 giant cockroaches
  15 goblins
  10 hobgoblins
  5 jackals
  11 kobolds
  4 quokkas
  2 ball pythons
  7 bats
  A giant gecko skeleton (D:5)
  A giant gecko zombie (D:5)
  4 giant newts
  A quokka skeleton (D:4)
  6 rats
115 creatures vanquished.

Notes
Turn   | Place    | Note
--------------------------------------------------------------
     0 | D:1      | sugabear the Vine Stalker Gladiator began the quest for the Orb.
     0 | D:1      | Reached XP level 1. HP: 11/11 MP: 2/2
   198 | D:1      | Reached XP level 2. HP: 13/15 MP: 1/3
   537 | D:1      | Reached XP level 3. HP: 16/18 MP: 4/4
  1130 | D:2      | Found a white marble altar of Elyvilon.
  1137 | D:2      | Became a worshipper of Elyvilon the Healer
  1174 | D:2      | Reached XP level 4. HP: 15/23 MP: 3/5
  1230 | D:2      | Noticed Robin
  1238 | D:2      | Killed Robin
  1239 | D:2      | Reached skill level 1 in Invocations
  1513 | D:2      | Found an opulent altar of Gozag.
  2008 | D:3      | Reached skill level 1 in Armour
  2008 | D:3      | Reached XP level 5. HP: 18/26 MP: 5/7
  2034 | D:3      | Noticed qqqbard's ghost (amateur DEEE)
  2040 | D:3      | Killed qqqbard's ghost
  2229 | D:3      | Gained mutation: You heal very quickly. [Vine Stalker growth]
  2229 | D:3      | Reached XP level 6. HP: 30/32 MP: 8/8
  2584 | D:4      | Reached * piety under Elyvilon
  2600 | D:4      | Reached skill level 1 in Stealth
  2983 | D:3      | Reached XP level 7. HP: 16/36 MP: 9/9
  3391 | D:5      | Entered Level 5 of the Dungeon
  3631 | D:5      | Noticed Blork the orc
  3646 | D:5      | Killed Blork the orc
  3914 | D:5      | Gained mutation: You have razor-sharp teeth. [Vine Stalker growth]
  3914 | D:5      | Reached XP level 8. HP: 33/40 MP: 8/11
  4012 | D:5      | Noticed Crazy Yiuf
  4020 | D:5      | Killed Crazy Yiuf
  4226 | D:6      | Reached ** piety under Elyvilon
  4246 | D:5      | Slain by an ogre

Skill      XL: |  1  2  3  4  5  6  7  8 |
---------------+-------------------------+-----
Throwing       | 2 |  2.0
Long Blades    | 3 4 |  4.3
Dodging        | 3 4 |  4.4
Fighting       | 2 3 |  3.3
Invocations    | 1 2 3 |  3.5
Armour         | 1 2 3 |  3.0
Stealth        | 1 |  1.6
Shields        | |  0.1

Action                   |  1- 3 |  4- 6 |  7- 9 || total
-------------------------+-------+-------+-------++-------
Melee: Long sword        |    94 |   208 |    94 ||   396
       Bite              |    18 |    60 |    30 ||   108
Throw: Throwing net      |       |     1 |       ||     1
 Stab: Sleeping          |     1 |       |       ||     1
  Eat: Chunk             |       |     7 |     4 ||    11
Armor: Leather armour    |    20 |       |       ||    20
       Ring mail         |     4 |    83 |    20 ||   107
Dodge: Dodged            |    78 |   195 |    60 ||   333
Block: Buckler           |       |       |    17 ||    17
